 Dungeon Crawl Stone Soup version 0.27-a0-1149-g4505690ab0 (webtiles) character file.

Game seed: 12281753501790400522

259 rocky1 the Shield-Bearer (level 6, -2/47 HPs)
             Began as a Formicid Fighter on May 13, 2021.
             Killed by divine providence
             ... invoked by an orc priest
              (13 damage)
             ... on level 4 of the Dungeon.
             The game lasted 00:08:10 (3710 turns).

rocky1 the Shield-Bearer (Formicid Fighter)         Turns: 3710, Time: 00:08:12

Health: -2/47      AC:  8    Str: 23    XL:     6   Next: 40%
Magic:  6/6        EV:  8    Int:  7    God:
Gold:   149        SH: 10    Dex: 10    Spells: 5/5 levels left

rFire    + + .     SeeInvis +   a - +0 long sword (vamp)
rCold    + . .     Faith    .   c - +0 kite shield
rNeg     . . .     Spirit   .   o - +1 scale mail {rF+}
rPois    .         Reflect  .   (helmet unavailable)
rElec    .         Harm     .   j - scarf {rC+ rF+}
rCorr    .         Rampage  .   (no gloves)
Will     .....                  (no boots)
Stlth    ..........             (no amulet)
HPRegen  0.15/turn              (no ring)
MPRegen  0.10/turn              (no ring)

@: mighty
A: permanent stasis, dig shafts and tunnels, antennae 3, four strong arms
a: Dig, Shaft Self


You were on level 4 of the Dungeon.
You visited 1 branch of the dungeon, and saw 4 of its levels.

You collected 149 gold pieces.

Inventory:

Hand Weapons
 a - a +0 vampiric long sword (weapon)
Missiles
 l - a throwing net
Armour
 c - a +0 kite shield (worn)
 j - a scarf of resistance (worn)
 o - a +1 scale mail of fire resistance (worn)
Jewellery
 m - a ring of wizardry
Scrolls
 b - a scroll of enchant armour {unknown}
 i - a scroll of brand weapon
Potions
 d - a potion of might
 h - 2 potions of cancellation
 p - a potion of curing


   Skills:
 - Level 3.4 Fighting
 + Level 4.3 Long Blades
 - Level 3.8 Armour
 + Level 6.0 Shields


You had 5 spell levels left.
You didn't know any spells.
Your spell library was empty.

Dungeon Overview and Level Annotations

Branches:
Dungeon (4/15)
 Temple: D:4-7

Altars:

Shops:
D:1 :


Innate Abilities, Weirdness & Mutations

You cannot be hasted, slowed, berserked, paralysed or teleported.
You can dig through walls and to a lower floor.
You have a pair of large antennae on your head. (SInv)
Your four strong arms can wield two-handed weapons with a shield.


Message History

You block the orc wizard's attack.
You closely miss the orc wizard.
The orc priest looks satisfied for a moment.
The orc priest calls down the wrath of Beogh upon you.
Pain shoots through your body! You block the orc wizard's attack.
The orc wizard hits you with a +0 dagger.
You are too injured to fight recklessly!
You are too injured to fight recklessly!
You are too injured to fight recklessly!
You slash the orc priest!
You feel better.
The orc priest is almost dead.
The orc priest hits you but does no damage.
The orc wizard hits you but does no damage. x2
The orc priest invokes the aid of Beogh against you.
You struggle to resist.
You barely miss the orc priest.
The orc priest is severely wounded.
The orc wizard closely misses you.
The orc wizard hits you with a +0 dagger.
You block the orc priest's attack.
You hit the orc priest.
You feel better.
The orc priest is almost dead.
The orc wizard points at you and mumbles some strange words.
The puff of flame misses you.
The orc wizard hits you but does no damage.
The orc priest mumbles some strange prayers to Beogh against you.
Beogh smites you!
* * * LOW HITPOINT WARNING * * *
You block the orc wizard's attack. The orc wizard barely misses you.
You slash the orc priest!
You feel better.
You kill the orc priest!
The orc wizard hits you but does no damage.
Your Shields skill increases to level 6!
You slash the orc wizard!
The orc wizard is heavily wounded.
The orc wizard hits you but does no damage.
You block the orc wizard's attack.
The orc priest mumbles some strange prayers to Beogh against you.
Beogh smites you!
You die...

#.. #.#.....###.###..
#.. ##.......# #......
##.##....#<..###..####
..................#
###.....##.##.#..#
##...###.##.#..# ##.##
#.........
.###.###.#########..###
.....oo@........ ...#
.....loo........ ...#
####.g##.###.... ....
.... #.. ### #... ..##
#... .^# #.. ยง.# ...
..


You could see an iguana, an orc priest, 2 orc wizards, an orc and a hobgoblin.

Vanquished Creatures
  3 orc priests (D:4)
  A hound (D:4)
  An orc wizard (D:2)
  A hound skeleton (D:3)
  3 adders
  An adder skeleton (D:4)
  A dart slug (D:1)
  8 orcs
  8 ball pythons
  5 endoplasms
  3 giant cockroaches
  2 goblins
  5 hobgoblins
  3 jackals (D:2)
  6 kobolds
  4 quokkas (D:1)
  4 bats
  3 frilled lizards (D:1)
  7 rats
69 creatures vanquished.

Vanquished Creatures (others)
  2 plants (D:4)
2 creatures vanquished.

Grand Total: 71 creatures vanquished

Notes
Turn   | Place    | Note
-------+----------+-------------------------------------------
     0 | D:1      | rocky1 the Formicid Fighter began the quest for the Orb.
     0 | D:1      | Reached XP level 1. HP: 18/18 MP: 1/1
   108 | D:1      | Reached XP level 2. HP: 24/24 MP: 2/2
   280 | D:1      | Reached skill level 4 in Shields
   384 | D:1      | Reached XP level 3. HP: 24/29 MP: 3/3
   679 | D:1      | Found Ecvirus's Book Boutique.
  1144 | D:2      | Found a faded altar of an unknown god.
  1162 | D:2      | Reached XP level 4. HP: 27/35 MP: 4/4
  2448 | D:3      | Reached skill level 5 in Shields
  2448 | D:3      | Reached XP level 5. HP: 26/41 MP: 5/5
  3485 | D:4      | Reached XP level 6. HP: 35/47 MP: 6/6
  3710 | D:4      | Reached skill level 6 in Shields
  3710 | D:4      | Killed from afar by an orc priest

Illustrated notes

Levels and vault maps discovered:
D:1:      dpeg_arrival_rooms_with_view, layout_loops_ring, serial_shops, shop,
          minmay_misc_feat_x
D:2:      layout_loops_ring, chequers_ecumenical_altar_simple_redux,
          minmay_misc_feat_doors
D:3:      layout_basic, patterned_corridor
D:4:      layout_loops_ring, nicolae_overflow_hidden_temple, led_sif_book,
          lemuel_doored_altar, minmay_temple_entry_crystal_x, serial_forest,
          infiniplex_forest_corner_1, infiniplex_forest_clump_small,
          infiniplex_forest_straight_3, infiniplex_forest_side_room

Skill      XL: |  1  2  3  4  5  6 |
---------------+-------------------+-----
Shields        | 4 5 6 |  6.0
Long Blades    | 3 4 |  4.3
Fighting       | |  3.4
Armour         | |  3.8

Action                   |  1- 3 |  4- 6 || total
-------------------------+-------+-------++-------
Melee: Long sword        |   114 |   167 ||   281
  Use: Scroll            |     1 |     5 ||     6
       Potion            |       |     3 ||     3
Armor: Scale mail        |    46 |    76 ||   122
Dodge: Dodged            |    57 |    52 ||   109
Block: Kite shield       |    79 |   111 ||   190
       Rpst.: Long sword |    14 |    18 ||    32

Table legend: (Time is in decaauts)
 A = Elapsed time spent in this place.
 B = Non-inter-level travel time spent in this place.
 C = Inter-level travel time spent in this place.
 D = Time resting spent in this place.
 E = Time spent auto-exploring this place.
 F = Levels seen in this place.
 G = Mean time per level.
                   A        B        C        D        E       F      G
               +--------+--------+--------+--------+--------+-----+--------+
         Total |   3819 |   3760 |     59 |    593 |   2513 |   4 |  954.8 |
       Dungeon |   3819 |   3760 |     59 |    593 |   2513 |   4 |  954.8 |
               +--------+--------+--------+--------+--------+-----+--------+

Top non-repeatable levels by time:
     D:3: 1540 daAuts
     D:1: 1070 daAuts
     D:2: 669 daAuts
     D:4: 538 daAuts
